 Dungeon Crawl Stone Soup version 0.28.0-53-g5a82cb258f (webtiles) character file.

Game seed: 1549889307939781425

107 pkoi the Stinger (level 4, -3/29 HPs)
             Began as a Demigod Venom Mage on June 3, 2022.
             Slain by Grinder (7 damage)
             ... on level 3 of the Dungeon.
             The game lasted 00:04:27 (3338 turns).

pkoi the Stinger (Demigod Venom Mage)               Turns: 3338, Time: 00:04:27

Health: -3/29      AC:  3    Str:  6 (7)  XL:     4   Next: 31%
Magic:  5/10       EV: 12    Int: 20 (21) God:
Gold:   110        SH:  0    Dex: 14      Spells: 4/7 levels left

rFire   . . .      SeeInvis .   c - +2 dagger (venom)
rCold   + . .      Faith    .   (no shield)
rNeg    . . .      Spirit   .   a - +1 robe
rPois   .          Reflect  .   (no helmet)
rElec   .          Harm     .   (no cloak)
rCorr   .          Rampage  .   (no gloves)
Will    .....                   (no boots)
Stlth   ++........              (no amulet)
HPRegen 0.09/turn               (no ring)
MPRegen 0.12/turn               (no ring)

@: no status effects
A: high MP 1, forlorn, divine attributes, cold resistance 1, deterioration 1,
frail 1, weak 1
a: no special abilities


You were on level 3 of the Dungeon.
You visited 1 branch of the dungeon, and saw 3 of its levels.

You collected 110 gold pieces.

Inventory:

Hand Weapons
 c - a +2 dagger of venom (weapon)
 d - a +0 dagger
 e - a +0 whip
Armour
 a - a +1 robe (worn)
Magical Staves
 f - a staff of cold
Scrolls
 b - a scroll of identify
 h - a scroll of fog {unknown}
 k - 2 scrolls of noise {unknown}
Potions
 g - a potion of might {unknown}
 i - a potion of berserk rage
 j - a potion of invisibility {unknown}


   Skills:
 - Level 1.7 Dodging
 - Level 1.7 Stealth
 + Level 2.4 Spellcasting
 - Level 0.8 Transmutations
 + Level 4.4 Poison Magic


You had 4 spell levels left.
You knew the following spells:

 Your Spells              Type           Power      Damage    Failure   Level
a - Sting                 Tmut/Pois      52%        1d5       4%          1
b - Poisonous Vapours     Pois/Air       22%        N/A       9%          2

Your spell library contained the following spells:

 Spells                   Type           Power      Damage    Failure   Level
 Ignite Poison            Fire/Tmut/Pois 9%         N/A       22%         3
 Mephitic Cloud           Conj/Pois/Air  8%         N/A       24%         3
 Olgreb's Toxic Radiance  Pois           20%        N/A       24%         4
 Conjure Flame            Conj/Fire      2%         6-21      41%         3
 Sticky Flame             Conj/Fire      2%         2d3       83%         4


Dungeon Overview and Level Annotations

Branches:
Dungeon (3/15)

Annotations:
D:3 Grinder


Innate Abilities, Weirdness & Mutations

You have an increased reservoir of magic. (+10% MP)
You shall have no god before yourself.
Your divine heritage dramatically boosts your attributes as you level up.
Your flesh is cold resistant. (rC+)
Your body sometimes deteriorates upon taking damage.
You are frail. (-10% HP)
You are weak. (Str -2)


Message History

Your magical contamination has completely faded away.
Aiming: Sting (safe; 4% risk of failure)
Press: ? - help, Q - select action, (/) - cycle Shift-Dir - straight line, f/p - Grinder
Aim: Grinder (moderately wounded, very poisoned, 68% to hit)
The sting hits Grinder.
Grinder partially resists.
Grinder looks even sicker.
Grinder is heavily wounded.
Unknown command.
Aiming: Sting (safe; 4% risk of failure)
Press: ? - help, Q - select action, (/) - cycle Shift-Dir - straight line, f/p - Grinder
Aim: Grinder (heavily wounded, very poisoned, 68% to hit)
The sting hits Grinder.
Grinder partially resists.
Grinder looks as sick as possible!
Grinder is heavily wounded.
Aiming: Sting (safe; 4% risk of failure)
Press: ? - help, Q - select action, (/) - cycle Shift-Dir - straight line, f/p - Grinder
Aim: Grinder (heavily wounded, extremely poisoned, 68% to hit)
The sting misses Grinder.
Grinder gestures at you. Pain shoots through your body!
* * * LOW HITPOINT WARNING * * *
Grinder blinks!
Grinder gestures at you. You resist with significant effort.
Unknown command.
There is a stone staircase leading up here.
Aiming: Sting (safe; 4% risk of failure)
Press: ? - help, Q - select action, (/) - cycle Shift-Dir - straight line, f/p - Grinder
Aim: Grinder (severely wounded, very poisoned, 68% to hit)
The sting hits Grinder.
Grinder looks as sick as possible!
Grinder is severely wounded.
Unknown command.
Grinder gestures at you. Pain shoots through your body!
* * * LOW HITPOINT WARNING * * *
The crimson imp shouts!
Grinder blinks!
The crimson imp picks up a beetle and eats it.
The crimson imp blinks!
Grinder hits you!
You die...

## ######.##>###.#.#### #.. §#
..........##..:....# #†. ^#
#####..####..#.##.###..
.###############.........h.......
.5....5§.....§...####.##########.
.###############.# #.# #. §# #.#
#<# #. .# #.# #.# #. ## #@####.#
#. #.5....# #. #...........# #.
#.####.####.# #. #.# #.# #. ...
#.. .>.. ..## ##... ### ##.


You could see Grinder (very poisoned).

Vanquished Creatures
  A crimson imp (D:2)
  3 adders
  A worm (D:2)
  A dart slug (D:1)
  4 bats
  3 endoplasms
  2 giant cockroaches (D:1)
  5 goblins
  2 hobgoblins
  2 jackals (D:2)
  3 quokkas
  2 frilled lizards (D:2)
  6 kobolds
  3 rats
38 creatures vanquished.

Notes
Turn   | Place    | Note
-------+----------+-------------------------------------------
     0 | D:1      | pkoi the Demigod Venom Mage began the quest for the Orb.
     0 | D:1      | Reached XP level 1. HP: 14/14 MP: 5/5
   200 | D:1      | Reached skill level 3 in Poison Magic
   699 | D:1      | Reached XP level 2. HP: 17/20 MP: 2/7
  1509 | D:2      | Gained mutation: Your flesh is cold resistant. (rC+)
                  | [potion of mutation]
  1509 | D:2      | Gained mutation: You are weak. (Str -2) [potion of
                  | mutation]
  1509 | D:2      | Gained mutation: You have hidden genetic defects. [potion
                  | of mutation]
  1587 | D:2      | Reached XP level 3. HP: 26/26 MP: 2/8
  1751 | D:2      | Reached skill level 4 in Poison Magic
  1970 | D:2      | Learned a level 2 spell: Poisonous Vapours
  2130 | D:2      | Gained mutation: You are frail. (-10% HP) [hidden defects]
  2569 | D:3      | Gained mutation: Your body sometimes deteriorates upon
                  | taking damage. [hidden defects]
  2569 | D:3      | Lost mutation: You have hidden genetic defects. [hidden
                  | defects expressed]
  2615 | D:3      | Noticed Grinder
  2942 | D:2      | Reached XP level 4. HP: 20/29 MP: 4/10
  3338 | D:3      | Slain by Grinder

Illustrated notes

Levels and vault maps discovered:
D:1:      dpeg_arrival_shelter, layout_rooms,
          shapermc_ecumenical_altar_mp_highgroup, kennysheep_minor_cross
D:2:      layout_rooms
D:3:      layout_loops_ring, led_xom_imps, worldfamousw_hep_ancestral_shrine,
          gammafunk_ghost_stat_death, uniq_grinder

Skill      XL: |  1  2  3 |
---------------+----------+-----
Poison Magic   | 3 4 |  4.4
Spellcasting   | 2 |  2.4
Dodging        | |  1.7
Stealth        | |  1.7
Transmutations | |  0.8

Action                   |  1- 3 |  4- 6 || total
-------------------------+-------+-------++-------
Melee: Dagger            |    18 |       ||    18
 Cast: Sting             |    91 |     9 ||   100
  Use: Scroll            |     4 |       ||     4
       Potion            |     2 |       ||     2
Armor: Robe              |    10 |       ||    10
Dodge: Dodged            |    51 |       ||    51
